cohdb
Replays
Latest Replays
All Replays
Popular Replays
Top Player Replays
Match Explorer
How It Works
Community
CoH3 Stats
Reddit
Sign in to upload your games and track your stats! →
Sign in with Steam
Match 39546752
Unlisted
Match 39546752
Overview
Messages
Build Orders
End
Construct Section Command Post
Dingo Light Scout Car
Infantry Section
Infantry Section
Infantry Section
Selects Canadian Shock Battlegroup
Selects Attacking Spirit
Selects Canadian Shock Section
Canadian Shock Section
Construct Platoon Command Post
Humber Armored Car
Selects Burnout
Selects Incendiary Munitions
Canadian Shock Section
6-pounder Anti-tank Gun Team
Construct Company Command Post
Selects Pyrotechnics
Selects Pyrotechnics
Unlock M3 Grant Medium Tanks
Canadian Shock Section
M3 Grant Medium Tank
Canadian Shock Section
M3 Grant Medium Tank
Selects Churchill Crocodile Heavy Tank
Royal Engineer Section
M3 Grant Medium Tank
Royal Engineer Section
Canadian Shock Section
Selects Smoke Operation
Smoke Operation
Churchill Crocodile Heavy Tank
Smoke Operation
M3 Grant Medium Tank
M3 Grant Medium Tank
Armored Vehicle Training
Smoke Operation
Smiguel
Rum
King
Dancal
BIOHAZARD
=BIA=Daghito
=BIA=Adelanter
Giovanni
0
0
Comments
sign in to comment!
No comments posted yet!